 Dungeon Crawl Stone Soup version 0.32-a0-928-g1cae6b7ea0 (webtiles) character file.

Game seed: 9133280992493843475

245837 freelancePsychic the Metamorph (level 18, 0/228 HPs)
             Began as a Demonspawn Wanderer on Apr 10, 2024.
             Was the Champion of Yredelemnul.
             Incinerated by a deep elf pyromancer (30 damage)
             ... with a pyre arrow
             ... on level 1 of the Elven Halls on Apr 12, 2024.
             The game lasted 01:05:12 (25442 turns).

freelancePsychic the Metamorph (DsWn)              Turns: 25442, Time: 01:05:13

Health: 0/228      AC: 27    Str: 17    XL:     18   Next: 48%
Magic:  30/30      EV: 25    Int: 15    God:    Yredelemnul [******]
Gold:   3373       SH:  7    Dex: 14    Spells: 17/17 levels left

rFire   . .          .
                       - Unarmed
rCold   + + .        r - +2 buckler {rC+}
rNeg    + . .        R - melded +0 ring mail {rF+}
rPois   ∞            (helmet unavailable)
rElec   +            (no cloak)
rCorr   .            (gloves currently unavailable)
SInv    .            (boots currently unavailable)
Will    +....        k - amulet "Etuem" {Acrobat Regen+}
Stlth   +            A - ring of protection from cold
HPRegen 1.38/turn    T - +5 ring of evasion
MPRegen 0.22/turn

%: acrobat
@: mighty, agile, on fire, statue-form, enshackling, slowed, glowing, studying
Ice Magic, very slow
A: slow and powerful, torment resistance 1, boosted hp, horns 3, rugged brown
scales 3, ignite blood 1, powered by pain 3, robust 1
}: 2/15 runes: decaying, serpentine
a: Begin Untransformation, Renounce Religion, Light the Black Torch, Recall
Undead Harvest, Hurl Torchlight, Bind Soul, Fathomless Shackles


You were on level 1 of the Elven Halls.
You worshipped Yredelemnul.
Yredelemnul was most pleased with you.
You were a living statue of rough stone.
You visited 8 branches of the dungeon, and saw 33 of its levels.
You also visited: Ice Cave.

You collected 3853 gold pieces.
You spent 480 gold pieces at shops.

Inventory:

Hand Weapons
 a - a +1 sling of flaming
Missiles
 K - 3 throwing nets
Armour
 r - a +2 buckler of cold resistance (worn)
 P - an orb of guile
 R - a +0 ring mail of fire resistance (melded)
Jewellery
 k - the amulet "Etuem" (around neck) {Acrobat Regen+}
   (You found it on level 5 of the Lair of Beasts)

   [amulet of the acrobat]

   Acrobat:   It increases your evasion while moving and waiting.
   Regen+:    It increases your rate of health regeneration.
 A - a ring of protection from cold (left fist)
 M - an amulet of reflection
 T - a +5 ring of evasion (right fist)
Talismans
 d - a dragon-blood talisman
 j - a storm talisman
 m - a serpent talisman
 q - a flux talisman
 v - a blade talisman
 J - a beast talisman
 W - a granite talisman (active)
Wands
 s - a wand of light (12)
 w - a wand of roots (24)
 x - a wand of paralysis (38)
 D - a wand of flame (25)
 L - a wand of mindburst (51)
 Q - a wand of polymorph (2)
 V - a wand of digging (5)
Scrolls
 e - a scroll of poison
 g - a scroll of fear
 i - 2 scrolls of butterflies
 l - 2 scrolls of silence
 o - 4 scrolls of enchant weapon
 u - 4 scrolls of teleportation {@r4}
 y - 5 scrolls of blinking
 z - 3 scrolls of amnesia
 I - 4 scrolls of vulnerability
 N - 3 scrolls of immolation
 O - 4 scrolls of torment
 U - 6 scrolls of enchant armour
 X - 2 scrolls of fog
 Z - 2 scrolls of identify {@r1}
Potions
 c - 4 potions of curing {@q1}
 f - 2 potions of berserk rage
 h - 6 potions of might
 n - 5 potions of resistance
 p - a potion of heal wounds {@q2}
 t - 5 potions of degeneration
 B - 3 potions of cancellation
 C - 4 potions of lignification
 F - 2 potions of haste {@q3}
 G - a potion of magic
 H - 3 potions of attraction
 S - 3 potions of brilliance
 Y - a potion of enlightenment
Miscellaneous
 b - a sack of spiders (quivered)
 E - a lightning rod (4/4)


   Skills:
 - Level 16.0 Fighting
 - Level 1.0 Ranged Weapons
 - Level 1.0 Armour
 + Level 10.6 Dodging
 - Level 2.0 Stealth
 - Level 4.3 Shields
 - Level 16.0 Unarmed Combat
 - Level 16.0 Invocations
 - Level 3.7 Evocations
 - Level 16.0 Shapeshifting


You had 17 spell levels left.
You didn't know any spells.
Your spell library contained the following spells:

 Spells                   Type           Power      Damage    Failure   Level
 Apportation              Tloc           0%         N/A       34%         1
 Magic Dart               Conj           0%         1d3       34%         1
 Necrotise                Necr           0%         1d4       34%         1
 Sandblast                Erth           0%         2d4       34%         1
 Sting                    Conj/Alch      0%         1d3       34%         1
 Summon Small Mammal      Summ           0%         N/A       34%         1
 Blink                    Tloc           0%         N/A       45%         2
 Call Imp                 Summ           0%         N/A       45%         2
 Ensorcelled Hibernation  Hex/Ice        0%         N/A       45%         2
 Jinxbite                 Hex            0%         N/A       45%         2
 Lesser Beckoning         Tloc           0%         N/A       45%         2
 Frozen Ramparts          Ice            0%         1d1       71%         3
 Inner Flame              Hex/Fire       0%         N/A       71%         3
 Maxwell's Portable Pile  Tloc           0%         2d(5-13)  71%         3
 Ozocubu's Armour         Ice            0%         N/A       71%         3
 Passwall                 Erth           0%         N/A       71%         3
 Stone Arrow              Conj/Erth      0%         3d7       71%         3
 Swiftness                Air            0%         N/A       71%         3
 Teleport Other           Tloc           0%         N/A       71%         3
 Animate Armour           Summ/Erth      0%         N/A       98%         4
 Brom's Barrelling Bould  Conj/Erth      0%         2d3       98%         4
 Flame Wave               Conj/Fire      0%         2d4       98%         4
 Leda's Liquefaction      Alch/Erth      0%         N/A       98%         4
 Passage of Golubria      Tloc           0%         N/A       98%         4
 Sticky Flame             Fire/Alch      0%         2d4       98%         4
 Vhi's Electric Charge    Tloc/Air       0%         N/A       98%         4
 Alistair's Intoxication  Alch           0%         N/A       100%        5
 Arcjolt                  Conj/Air       0%         1d10      100%        5
 Irradiate                Conj/Alch      0%         3d11      100%        5
 Lee's Rapid Deconstruct  Erth           0%         3d4*      100%        5
 Metabolic Englaciation   Hex/Ice        0%         N/A       100%        5
 Silence                  Hex/Air        0%         N/A       100%        5
 Summon Forest            Summ/Tloc      0%         N/A       100%        5
 Eringya's Noxious Bog    Alch           0%         4d6       100%        6
 Permafrost Eruption      Ice/Erth       0%         2x4d1     100%        6
 Plasma Beam              Fire/Air       0%         2x1d10    100%        6
 Summon Hydra             Summ           0%         N/A       100%        7
 Ignition                 Fire           0%         3d3       100%        8
 Lehudib's Crystal Spear  Conj/Erth      0%         10d2      100%        8


Dungeon Overview and Level Annotations

Branches:
Dungeon (15/15)            Temple (1/1) D:5            Lair (5/5) D:10
  Swamp (4/4) Lair:3        Snake (4/4) Lair:2        Slime (0/5) Lair:4
    Orc (2/2) D:11            Elf (1/3) Orc:2        Vaults (1/5) D:14
 Depths (0/4) D:15          IceCv (visited)

Altars:
Ashenzari
Cheibriados
Dithmenos
Fedhas
Gozag
Hepliaklqana
Kikubaaqudgha
Makhleb
Nemelex Xobeh
Okawaru
Qazlal
Ru
Sif Muna
Trog
Uskayaw
Vehumet
Wu Jian
Xom
Yredelemnul

Shops:
D:7 *[   D:8 =   Orc:2 *[[=(   Snake:3 *

Annotations:
D:10 2 runed translucent doors, Pokonic1's ghost, novice OnWr


Innate Abilities, Weirdness & Mutations

You are a living statue of rough stone.
Your actions are slow, but your melee attacks are powerful.
You are resistant to unholy torment.
Your maximum health is greatly increased.
Your equipment is partially melded.
You are immune to poison.
You have a pair of large horns on your head.
(You are completely covered in rugged brown scales. (AC +3, +7% HP))
Your demonic aura sometimes causes spilled blood to erupt in flames.
You are powered by pain.
You are robust. (+10% HP)


Message History

The arrow barely misses your deep elf knight zombie.
The arrow hits your deep elf sorcerer zombie!
The deep elf archer points at you and mumbles some strange words.
You resist with some effort.
You feel much better. The liquid fire burns you!
* * * LOW HITPOINT WARNING * * *
You focus on the pain.
You feel more agile all of a sudden. Something hits you!
* * * LOW HITPOINT WARNING * * *
You convulse.
* * * LOW HITPOINT WARNING * * *
Something hits you but does no damage.
Your deep elf knight zombie completely misses the deep elf archer.
The deep elf archer shoots an arrow.
The arrow hits your deep elf knight zombie!!
You hear some strange, mumbled words.
A shard of ice appears from out of thin air!
The shard of ice hits you. You partially resist.
* * * LOW HITPOINT WARNING * * *
The deep elf zephyrmancer gestures wildly while chanting.
The deep elf zephyrmancer blinks!
The fire elemental hits your deep elf sorcerer zombie.
The fire elemental burns your deep elf sorcerer zombie!
Your deep elf knight zombie hits the deep elf archer.
The deep elf archer dies!
Their soul becomes fuel for the torch.
The dead are walking!
The fire elemental completely misses your deep elf sorcerer zombie.
The deep elf archer shoots an arrow.
The arrow hits you!
* * * LOW HITPOINT WARNING * * *
Your deep elf sorcerer zombie hits the fire elemental.
You hear some strange, mumbled words.
A shard of ice appears from out of thin air!
The shard of ice misses you.
You feel much better. The liquid fire burns you!
You die...
Your body vanishes in a gout of umbral fire.

.# .. # # #
### # #+#.###
# #+#
#ZZ.I)######
# #.#
#).Z{)'eE..'
# #.#
#eE.E.######
# #.#
##e#.### #
##'###§####
####
##..Z#'##
...###.....##
##..........#
###.........#


You could see 2 deep elf archers, a deep elf pyromancer (ally target, bound), 3
fire elementals, a friendly deep elf knight zombie, a friendly deep elf sorcerer
zombie (confused, slow) and a friendly deep elf archer zombie.

Vanquished Creatures
  the Lernaean hydra (Swamp:4)
  A tentacled monstrosity (Swamp:3)
  Agnes (D:14)
  2 nagarajas (Snake:4)
  A deep elf sorcerer (Elf:1)
  The ghost of Yrphiceun the Impaler, an adept TeGl of Okawaru (Swamp:3)
  A ghoul (Swamp:3)
  3 eleionomae
  A bunyip (Swamp:3)
  A spectral human (Snake:4)
  2 fire dragons
  2 salamander tyrants
  An ice dragon (IceCv)
  Harold (D:10)
  Erolcha (D:11)
  An ogre mage (D:15)
  15 hydras
  6 anacondas
  2 centaur warriors
  13 two-headed ogres
  An alligator (Swamp:1)
  5 boulder beetles
  A dancing weapon (Elf:1)
  A hell hog (Lair:5)
  15 naga warriors
  3 tengu warriors (D:14)
  A deep troll earth mage (D:15)
  5 shock serpents
  A deep elf knight (Elf:1)
  8 naga sharpshooters
  7 skeletal warriors
  2 skysharks
  Lodul (D:11)
  An anaconda zombie (Snake:4)
  3 salamander mystics
  2 spriggan druids (Swamp:3)
  5 mana vipers
  3 goliath frogs
  2 swamp dragons
  2 deep trolls (Orc:2)
  2 deep elf archers (Elf:1)
  A flayed ghost (D:15)
  2 bog bodies
  4 naga ritualists
  5 harpies (D:14)
  A lindwurm (Lair:5)
  2 thermic dynamos (Elf:1)
  An ugly thing zombie (D:15)
  A goliath frog zombie (Swamp:4)
  A deep elf pyromancer (Elf:1)
  2 orc knights
  6 ugly things (D:15)
  A deep elf zephyrmancer (Elf:1)
  3 orc sorcerers (Orc:2)
  14 salamanders
  4 cyclopes
  3 manticores
  2 elephants (Lair:5)
  A meliai (D:13)
  17 black mambas
  4 guardian serpents
  10 naga magi
  A kobold blastminer (Orc:1)
  2 ice statues (IceCv)
  3 swamp worm zombies
  4 torpor snails (Lair:5)
  5 rime drakes
  An unseen horror (D:11)
  An efreet (D:14)
  Jeremiah (D:8)
  6 cane toads
  5 komodo dragons
  A freezing wraith (D:15)
  A tengu conjurer (D:14)
  3 hydra zombies
  9 trolls
  9 polar bears (Lair:5)
  6 hornets
  10 tyrant leeches
  8 blink frogs
  2 raiju (Lair:5)
  2 black mamba zombies
  3 spriggans
  A wraith (D:14)
  5 slime creatures (D:13)
  A water elemental (Elf:1)
  A vampire (D:12)
  A wyvern (Lair:4)
  2 wargs (Lair:5)
  39 yaks
  A slime creature zombie (D:13)
  5 basilisks
  2 steam dragons
  5 vampire mosquitoes
  A two-headed ogre zombie (D:11)
  37 nagas
  5 swamp worms
  2 acid dragons
  7 water moccasins
  14 hell hounds (Lair:5)
  A swamp drake (Swamp:4)
  A sky beast (D:7)
  12 orc warriors
  9 black bears
  A laughing skull (D:14)
  23 wolves
  27 ogres
  A blink frog zombie (Lair:5)
  4 kobold brigands
  8 bullfrogs
  2 gnoll sergeants
  4 hell hound zombies (Lair:5)
  A wyvern zombie (Lair:4)
  2 scorpions
  A water moccasin zombie (D:9)
  6 wights
  A troll zombie (Orc:2)
  2 yak zombies
  3 killer bees (D:10)
  6 naga zombies
  2 lindwurm simulacra (IceCv)
  4 wolf zombies
  6 howler monkeys
  A bullfrog zombie (D:9)
  A basilisk zombie (Lair:5)
  4 komodo dragon simulacra (IceCv)
  A bombardier beetle (D:5)
  4 hounds
  4 jellies
  12 orc priests
  5 iguanas
  4 sleepcaps
  Ijyb (D:4)
  19 orc wizards
  A scorpion zombie (D:13)
  A troll simulacrum (D:11)
  5 ogre zombies
  2 hound zombies (D:5)
  A howler monkey zombie (D:9)
  Robin (D:2)
  13 gnolls
  A river rat (D:10)
  9 acid dragon simulacra (IceCv)
  6 adders
  A white imp (D:6)
  5 steam dragon simulacra (IceCv)
  16 orc zombies
  4 dart slugs
  4 ribbon worms
  46 orcs
  8 endoplasms
  3 giant cockroaches
  2 gnoll zombies (D:11)
  14 goblins
  7 hobgoblins
  21 kobolds
  2 quokkas
  3 ball pythons
  4 bats
  2 frilled lizards
  A gnoll skeleton (D:11)
  4 kobold zombies
  2 orc skeletons (D:11)
  2 rats
799 creatures vanquished.

Vanquished Creatures (collateral kills)
  Nikola (Swamp:1)
  A tentacled monstrosity (Swamp:4)
  2 thorn hunters (Swamp:3)
  Roxanne (D:15)
  A nagaraja (Snake:4)
  Aizul (Snake:1)
  A ghoul (Swamp:3)
  A bunyip (Swamp:3)
  A shambling mangrove (Swamp:4)
  12 hydras
  3 salamander tyrants
  6 alligators
  3 catoblepae
  A ghost crab (Swamp:4)
  3 anacondas
  2 two-headed ogres
  3 ogre magi
  3 naga sharpshooters (Snake:4)
  5 naga warriors
  A shock serpent (Snake:4)
  2 skysharks
  4 skeletal warriors
  2 deep elf archers (Elf:1)
  A goliath frog (Swamp:1)
  3 salamander mystics
  7 swamp dragons
  4 mana vipers
  7 bog bodies
  A lindwurm (Lair:5)
  2 naga ritualists
  2 deep elf pyromancers
  An oklob plant (Lair:5)
  A deep elf zephyrmancer (Elf:1)
  A cyclops (D:13)
  A manticore (D:12)
  5 will-o-the-wisps
  8 salamanders
  2 meliai (D:13)
  A kobold blastminer (Orc:1)
  3 guardian serpents
  4 naga magi
  8 black mambas
  A gargoyle (D:12)
  A torpor snail (Lair:5)
  An elephant (Lair:5)
  3 cane toads
  2 rime drakes (IceCv)
  A freezing wraith (D:12)
  A komodo dragon (Lair:4)
  A tengu conjurer (D:15)
  A polar bear (Lair:5)
  5 trolls
  9 hornets
  4 tyrant leeches
  3 blink frogs (Lair:5)
  7 slime creatures (D:13)
  3 spriggans
  A wyvern (Lair:1)
  2 shadows (D:12)
  17 yaks
  A basilisk (Lair:2)
  4 vampire mosquitoes
  3 wargs
  18 nagas
  A two-headed ogre zombie (D:11)
  A hell hound (Lair:5)
  11 swamp worms
  A water moccasin (D:9)
  7 swamp drakes
  A meliai simulacrum (D:15)
  5 orc warriors
  A laughing skull (D:14)
  3 black bears (Lair:5)
  6 ogres
  7 wolves
  A centaur (D:7)
  2 phantoms (D:11)
  2 gnoll sergeants
  A wight (D:9)
  3 killer bees (D:10)
  A hound (D:4)
  4 orc priests
  An iguana (D:4)
  6 orc wizards
  A hell rat (D:10)
  A troll simulacrum (D:11)
  2 ogre zombies (D:11)
  2 gnolls (D:7)
  A naga simulacrum (D:11)
  A steam dragon simulacrum (IceCv)
  17 orcs
  A bat (D:1)
  A hobgoblin (D:4)
  A kobold (D:7)
  A frilled lizard (D:1)
  2 gnoll skeletons (D:11)
  A gnoll zombie (D:11)
  2 orc skeletons (D:11)
  12 orc zombies
  3 butterflies
325 creatures vanquished.

Vanquished Creatures (others)
  A spectral human (Lair:5)
  An alligator (Swamp:1)
  A bunyip zombie (Swamp:3)
  A spriggan zombie (D:14)
  6 anaconda zombies
  2 bog bodies (Swamp:1)
  2 alligator zombies (Swamp:1)
  2 ugly thing zombies (D:15)
  A deep elf zephyrmancer (Elf:1)
  3 shock serpent zombies
  A spectral orc (D:14)
  3 mana viper zombies
  2 centaur zombies
  3 swamp worm zombies
  A rime drake (IceCv)
  An unseen horror zombie (D:11)
  5 hydra zombies
  5 harpy zombies (D:14)
  4 guardian serpent zombies
  A fire dragon zombie (D:14)
  A meliai zombie (D:13)
  A slime creature zombie (D:13)
  8 black mamba zombies
  5 tyrant leech zombies
  A vampire mosquito (Swamp:1)
  8 two-headed ogre zombies
  11 salamander zombies
  A deep troll zombie (Orc:2)
  8 hornet zombies
  An ogre (Orc:2)
  7 elf zombies (Elf:1)
  2 swamp dragon zombies (Swamp:4)
  A torpor snail zombie (Lair:5)
  2 rime drake zombies (IceCv)
  A warg zombie (Lair:5)
  A water moccasin zombie (D:9)
  2 hell hound zombies (Lair:5)
  3 troll zombies (Orc:2)
  3 polar bear zombies (Lair:5)
  4 yak zombies (D:10)
  3 wolf zombies (Lair:5)
  A bullfrog zombie (D:7)
  3 black bear zombies (Lair:5)
  2 basilisk zombies
  An orc wizard (Orc:2)
  3 killer bee zombies (D:10)
  31 naga zombies
  10 ogre zombies
  4 kobold zombies
  A hound zombie (D:6)
  A howler monkey zombie (D:9)
  A steam dragon zombie (D:9)
  An adder zombie (D:5)
  2 gnoll zombies
  37 orc zombies
  14 foxfires (Swamp:4)
232 creatures vanquished.

Grand Total: 1356 creatures vanquished

Notes
Turn   | Place    | Note
-------+----------+-------------------------------------------
     0 | D:1      | freelancePsychic the Demonspawn Wanderer began the quest
                  | for the Orb.
     0 | D:1      | freelancePsychic set off with the following items: a +1
                  | sling, a sack of spiders, a potion of curing {@q1}, a +0
                  | leather armour.
     0 | D:1      | Reached XP level 1. HP: 19/19 MP: 1/1
   314 | D:1      | Reached skill level 1 in Stealth
   334 | D:1      | Gained mutation: You sometimes gain a little power by
                  | taking damage. [demonic ancestry]
   334 | D:1      | Reached XP level 2. HP: 25/25 MP: 2/2
   870 | D:2      | Gained mutation: Your demonic aura sometimes causes spilled
                  | blood to erupt in flames. [demonic ancestry]
   870 | D:2      | Reached XP level 3. HP: 19/30 MP: 3/3
  1397 | D:2      | Noticed Robin
  1477 | D:2      | Killed Robin
  1478 | D:2      | Gained mutation: You are partially covered in rugged brown
                  | scales. (AC +1, +3% HP) [demonic ancestry]
  1478 | D:2      | Reached XP level 4. HP: 31/39 MP: 4/4
  1701 | D:3      | Noticed an ogre
  1962 | D:3      | Killed an ogre
  1963 | D:3      | Reached skill level 1 in Unarmed Combat
  1963 | D:3      | Reached skill level 1 in Shapeshifting
  1963 | D:3      | Reached XP level 5. HP: 44/44 MP: 5/5
  2180 | D:3      | Reached skill level 5 in Fighting
  2301 | D:4      | Noticed Ijyb
  2313 | D:4      | Killed Ijyb
  2336 | D:4      | Found a broken altar of Ashenzari.
  2492 | D:4      | Gained mutation: You have a pair of small horns on your
                  | head. [demonic ancestry]
  2492 | D:4      | Reached XP level 6. HP: 52/52 MP: 6/6
  3093 | D:5      | Entered Level 5 of the Dungeon
  3141 | D:5      | Gained mutation: You sometimes gain power by taking damage.
                  | [demonic ancestry]
  3141 | D:5      | Reached XP level 7. HP: 57/57 MP: 7/7
  3179 | D:5      | Found a shimmering altar of Xom.
  3269 | D:5      | Found a staircase to the Ecumenical Temple.
  3279 | Temple   | Entered the Ecumenical Temple
  3283 | Temple   | Became a worshipper of Yredelemnul the Fallen
  3332 | D:5      | Found a blossoming altar of Fedhas.
  3672 | D:5      | Found a sacrificial altar of Ru.
  4055 | D:6      | Found a shimmering blue altar of Sif Muna.
  4220 | D:6      | Gained mutation: You are mostly covered in rugged brown
                  | scales. (AC +2, +5% HP) [demonic ancestry]
  4220 | D:6      | Reached XP level 8. HP: 43/67 MP: 10/10
  4221 | D:6      | Reached skill level 5 in Unarmed Combat
  4267 | D:6      | Found a stormy altar of Qazlal.
  4663 | D:7      | Reached * piety under Yredelemnul
  4672 | D:7      | Reached skill level 5 in Invocations
  4704 | D:7      | Found an opulent altar of Gozag.
  4707 | D:7      | Found Gozag's Platinum Reserve.
  4746 | D:7      | Reached XP level 9. HP: 65/75 MP: 12/12
  4773 | D:7      | Found Gattem's Antique Armour Emporium.
  4922 | D:7      | Found an ornate altar of the Wu Jian Council.
  5082 | D:7      | Found a hide-covered altar of Uskayaw.
  5349 | D:8      | Reached ** piety under Yredelemnul
  5445 | D:8      | Noticed Jeremiah
  5788 | D:8      | Found Bapsum's Jewellery Boutique.
  5931 | D:8      | Killed Jeremiah
  5965 | D:9      | Found a hazy altar of Hepliaklqana.
  6029 | D:9      | Reached skill level 5 in Shapeshifting
  6037 | D:9      | Gained mutation: You are powered by pain. [demonic
                  | ancestry]
  6037 | D:9      | Reached XP level 10. HP: 58/84 MP: 15/15
  6150 | D:9      | Found a sparkling altar of Nemelex Xobeh.
  6264 | D:9      | Found an iron altar of Okawaru.
  6309 | D:9      | Reached *** piety under Yredelemnul
  6401 | D:9      | Found a shadowy altar of Dithmenos.
  6430 | D:9      | Found an ancient bone altar of Kikubaaqudgha.
  6831 | D:10     | Entered Level 10 of the Dungeon
  6849 | D:10     | Found a snail-covered altar of Cheibriados.
  7007 | D:10     | Found a staircase to the Lair.
  7180 | D:10     | Noticed a skeletal warrior
  7185 | D:10     | Noticed Pokonic1's ghost (novice OnWr)
  7185 | D:10     | Noticed a lich
  7185 | D:10     | Noticed a necromancer
  7186 | D:10     | Noticed an ice dragon
  7203 | D:10     | Noticed Harold
  7211 | D:10     | Killed Harold
  7239 | D:10     | Noticed a seven-headed hydra
  7300 | D:10     | Found a runed translucent door.
  7300 | D:10     | Found a runed translucent door.
  7305 | D:10     | Reached **** piety under Yredelemnul
  7373 | D:10     | Reached XP level 11. HP: 73/93 MP: 17/17
  7579 | D:10     | Reached skill level 10 in Unarmed Combat
  7805 | D:11     | Found a staircase to the Orcish Mines.
  7836 | D:11     | Reached skill level 1 in Dodging
  8056 | D:11     | Found a frozen archway.
  8093 | IceCv    | Entered an ice cave
  8465 | IceCv    | Noticed an ice dragon
  8531 | IceCv    | Killed an ice dragon
  8682 | D:11     | Noticed a boulder beetle
  8740 | D:11     | Killed a boulder beetle
  8741 | D:11     | Reached skill level 10 in Fighting
  8781 | D:11     | Noticed Erolcha
  8787 | D:11     | Killed Erolcha
  8812 | D:11     | Noticed Lodul
  8927 | D:11     | Killed Lodul
  8928 | D:11     | Reached XP level 12. HP: 85/101 MP: 18/18
  9325 | D:12     | Noticed Rupert
  9336 | D:12     | Killed Rupert
  9336 | D:12     | Bound Rupert
  9378 | D:12     | Noticed a two-headed ogre
  9384 | D:12     | Killed a two-headed ogre
  9854 | D:12     | Noticed a two-headed ogre
  9861 | D:12     | Killed a two-headed ogre
 10076 | Lair:1   | Entered Level 1 of the Lair of Beasts
 10158 | Lair:1   | Reached skill level 5 in Dodging
 10339 | Lair:1   | Identified the +0 robe of Creativity {rPois rCorr Dex-5}
 11324 | Lair:2   | Reached skill level 10 in Shapeshifting
 11375 | Lair:2   | Found a staircase to the Snake Pit.
 11833 | Lair:3   | Noticed a six-headed hydra
 11840 | Lair:3   | Killed a six-headed hydra
 12288 | Lair:3   | Found a staircase to the Swamp.
 12461 | Lair:4   | Reached XP level 13. HP: 111/111 MP: 19/19
 12956 | Lair:4   | Found a staircase to the Slime Pits.
 13436 | Lair:5   | Entered Level 5 of the Lair of Beasts
 13502 | Lair:5   | Reached ***** piety under Yredelemnul
 13608 | Lair:5   | Your ally Rupert died
 13695 | Lair:5   | Noticed a fire dragon
 13716 | Lair:5   | Killed a fire dragon
 13785 | Lair:5   | Got an earthy gem with 49 turns to spare
 14172 | Lair:5   | Gained mutation: You have a pair of horns on your head.
                  | [demonic ancestry]
 14172 | Lair:5   | Reached XP level 14. HP: 116/121 MP: 20/20
 14385 | Lair:5   | Identified the amulet "Etuem" {Acrobat Regen+}
 14503 | Lair:5   | Reached ****** piety under Yredelemnul
 14839 | Lair:5   | Found a blossoming altar of Fedhas.
 15620 | D:13     | Found a bloodstained altar of Trog.
 15669 | D:13     | Noticed Urug
 15679 | D:13     | Killed Urug
 15679 | D:13     | Bound Urug
 16099 | D:14     | Noticed Agnes
 16105 | D:14     | Your ally Urug died
 16107 | D:14     | Killed Agnes
 16180 | D:14     | Found a gate to the Vaults.
 16222 | D:14     | Your ally Agnes died
 16370 | D:14     | Reached skill level 1 in Shields
 16371 | D:14     | Gained mutation: You are robust. (+10% HP) [demonic
                  | ancestry]
 16371 | D:14     | Reached XP level 15. HP: 129/143 MP: 21/21
 17062 | D:15     | Entered Level 15 of the Dungeon
 17441 | D:15     | Noticed Roxanne
 17455 | D:15     | Killed Roxanne
 17582 | D:15     | Found a staircase to the Depths.
 17746 | Orc:1    | Entered Level 1 of the Orcish Mines
 18165 | Orc:2    | Entered Level 2 of the Orcish Mines
 18259 | Orc:2    | Reached skill level 10 in Invocations
 18264 | Orc:2    | Found Puwkesch's Jewellery Boutique.
 18276 | Orc:2    | Paralysed by an orc sorcerer for 2 turns
 18280 | Orc:2    | Paralysed by an orc sorcerer for 4 turns
 18427 | Orc:2    | Reached skill level 15 in Shapeshifting
 18457 | Orc:2    | Found Gucaero's Antique Weapon Emporium.
 18475 | Orc:2    | Found Vigae's Armour Shop.
 18481 | Orc:2    | Found Riket's Armour Shoppe.
 18481 | Orc:2    | Found Peshruvir's Assorted Antiques.
 18535 | Orc:2    | Found a staircase to the Elven Halls.
 18970 | Snake:1  | Entered Level 1 of the Snake Pit
 19001 | Snake:1  | Identified the serpent talisman "Napodec" {rC+}
 19001 | Snake:1  | Noticed Aizul
 19010 | Snake:1  | Killed Aizul
 19037 | Snake:1  | Noticed Frances
 19043 | Snake:1  | Gained mutation: You are completely covered in rugged brown
                  | scales. (AC +3, +7% HP) [demonic ancestry]
 19043 | Snake:1  | Reached XP level 16. HP: 116/156 MP: 10/23
 19046 | Snake:1  | Killed Frances
 19046 | Snake:1  | Bound Frances
 19939 | Snake:2  | Identified a scroll of acquirement
 19940 | Snake:2  | Acquired a storm talisman
 20163 | Snake:2  | Reached skill level 15 in Fighting
 20782 | Snake:3  | Found Qajocuat's Gadget Gallery.
 20811 | Snake:3  | Bought a lightning rod (4/4) for 480 gold pieces
 21200 | Snake:4  | Entered Level 4 of the Snake Pit
 21405 | Snake:4  | Your ally Frances died
 21411 | Snake:4  | Gained mutation: You have a pair of large horns on your
                  | head. [demonic ancestry]
 21411 | Snake:4  | Reached XP level 17. HP: 157/167 MP: 26/26
 22090 | Snake:4  | Got a serpentine rune of Zot
 22355 | Snake:4  | Identified the +8 ring mail of Magic {Str+3}
 22557 | Swamp:1  | Entered Level 1 of the Swamp
 22572 | Swamp:1  | Noticed Nikola
 22588 | Swamp:1  | Reached skill level 15 in Invocations
 22594 | Swamp:1  | Reached skill level 15 in Unarmed Combat
 22596 | Swamp:1  | Killed Nikola
 23814 | Swamp:3  | Found a runed translucent door.
 23835 | Swamp:3  | Noticed a tentacled monstrosity
 23840 | Swamp:3  | Killed a tentacled monstrosity
 23844 | Swamp:3  | Reached XP level 18. HP: 176/176 MP: 30/30
 24211 | Swamp:3  | Noticed Yrphiceun's ghost (adept TeGl)
 24225 | Swamp:3  | Killed Yrphiceun's ghost
 24257 | Swamp:4  | Entered Level 4 of the Swamp
 24408 | Swamp:4  | Noticed the 27-headed Lernaean hydra
 24421 | Swamp:4  | Killed the 27-headed Lernaean hydra
 24535 | Swamp:4  | Your ally 27-headed Lernaean hydra zombie died
 24543 | Swamp:4  | Noticed a tentacled monstrosity
 24549 | Swamp:4  | Killed a tentacled monstrosity
 24872 | Swamp:4  | Got a decaying rune of Zot
 25135 | D:10     | Upgraded the game from 0.32-a0-918-g0f22ef8d61 to
                  | 0.32-a0-928-g1cae6b7ea0
 25218 | Vaults:1 | Entered Level 1 of the Vaults
 25341 | Elf:1    | Entered Level 1 of the Elven Halls
 25354 | Elf:1    | Reached skill level 10 in Dodging
 25442 | Elf:1    | Incinerated by a deep elf pyromancer

Illustrated notes

Levels and vault maps discovered:
D:1:      eino_arrival_druids_welcome, layout_loops_ring
D:2:      layout_basic, st_stairs_8, bh_walls_and_bars, uniq_robin
D:3:      layout_basic, wad_floor_pattern_2
D:4:      layout_cave_pools, evilmike_ruin_ashenzari, serial_bayou,
          serial_bayou_lake_a, serial_bayou_lagoon_b, serial_bayou_shore_a,
          serial_bayou_pond_b, uniq_ijyb
D:5:      layout_gridville, lemuel_coloured_pillars_altar, marbit_many_paths,
          regret_index_xom_buried_treasure, minmay_temple_entry_junction
D:6:      layout_cave_pools, nicolae_qazlal_scattered_showers,
          general_overflow_altar, st_stairs_5
D:7:      layout_basic, nicolae_wu_jian_glorious_leap,
          nicolae_gozag_zags_fifth_avenue,
          nicolae_uskayaw_murder_on_the_dancefloor, serial_shops, shop,
          worms_lemuel
D:8:      layout_loops_cross, kennysheep_mini, serial_shops,
          nicolae_shop_hallway_plus, uniq_jeremiah
D:9:      layout_stronghold, kiku_gazebo_pond_becter,
          nicolae_dithmenos_through_a_glass_darkly, mainiacjoe_overflow_catwalk,
          lemuel_crystal_altar, nemelex_xobeh_ov_fountains_minmay
D:10:     layout_irregular_city, mainiacjoe_overflow_boulevard,
          dpeg_lair_monsters, muffindrake_ghost_dual_entry, uniq_harold
D:11:     layout_roguey, zombieorc2_lemuel, portal_ice_cave_entry_ice_simulacra,
          minivault_24, uniq_lodul, uniq_erolcha
D:12:     layout_cave_pods, uniq_rupert
D:13:     layout_irregular_city, minivault_25, trog_butcher_becter, uniq_urug
D:14:     layout_basic, david_vaults_2, minmay_misc_feat_x, uniq_agnes
D:15:     hellmonk_depths_entry_around_the_bend, layout_rooms,
          dk_noncrumbling_2, uniq_roxanne
Temple:   hellmonk_temple_two_chambers
Lair:1:   layout_cave_pods, grunt_megastairs_3
Lair:2:   layout_long_grid, guppyfry_snake_entry_garden, lemuel_fruit_tree
Lair:3:   layout_misc_corridors, minmay_swamp_entry_worms, lemuel_fruit_fields
Lair:4:   layout_concentric_octagons, dpeg_slime_entry_corner,
          lemuel_fruit_fields
Lair:5:   wormcave, layout_regular_city, hangedman_lair_caniforms_friends,
          chequers_serial_rivers_micro_d, tgw_fedhas
Swamp:1:  layout_basic_swamp, nicolae_swamp_triple_paths, uniq_nikola
Swamp:2:  layout_basic_swamp, nicolae_swamp_decorative_isthmus
Swamp:3:  layout_basic_swamp, ebering_ghost_reflecting_pool,
          evilmike_swamp_ruin_house_3
Swamp:4:  swamp_old_school, layout_basic_swamp
Snake:1:  layout_misc_corridors, uniq_aizul, uniq_frances
Snake:2:  layout_grid_maze, special_room
Snake:3:  layout_misc_corridors, nicolae_snake_gridmaze_tees,
          nicolae_shop_gadgets
Snake:4:  johnstein_snake_rune_scales, layout_cave_town,
          nicolae_snake_gridmaze_big_u
Orc:1:    layout_caves
Orc:2:    st_orc_open, layout_caves, serial_shops, shop
Elf:1:    eino_elf_arrival_the_gate, layout_geoelf_octagon,
          hangedman_elf_represent
Vaults:1: nicolae_vaults_security_offices_1, nicolae_vaults_sesquioval_fish,
          v_alt_pattern_3, nicolae_vaults_closet_pinwheel_4, v_misc_5,
          vaults_mumra_hexcomb, nicolae_vaults_storage_closets_2,
          nicolae_vaults_storage_room_doors, v_misc_12, layout_vaults_omnigrid

Skill      XL: |  1  2  3  4  5  6  7  8  9 10 11 12 13 14 15 16 17 18 |
---------------+-------------------------------------------------------+-----
Stealth        | 1 2 |  2.0
Unarmed Combat | 1 2 3 4 6 8 9 10 11 12 13 16 | 16.0
Shapeshifting  | 1 2 3 4 5 6 8 10 12 14 15 16 | 16.0
Fighting       | 5 6 7 8 9 10 11 12 13 14 15 16 | 16.0
Invocations    | 3 5 7 8 9 10 12 16 | 16.0
Dodging        | 3 6 10 | 10.6
Shields        | 1 4 |  4.3
Ranged Weapons | |  1.0
Armour         | |  1.0
Evocations     | |  3.7

Action                     |  1- 3 |  4- 6 |  7- 9 | 10-12 | 13-15 | 16-18 || total
---------------------------+-------+-------+-------+-------+-------+-------++-------
  Melee: Unarmed           |       |    28 |   285 |   462 |   638 |   446 ||  1859
         Headbutt          |       |     5 |    61 |    96 |    68 |    92 ||   322
         Punch             |       |       |    15 |     8 |       |       ||    23
         Constrict         |       |       |       |    18 |    78 |       ||    96
   Fire: Sling             |   109 |   123 |     4 |       |       |       ||   236
 Invoke: Light the Black T |       |       |     5 |     7 |     8 |     8 ||    28
         Hurl Torchlight   |       |       |       |     2 |     2 |     3 ||     7
         Recall Undead Har |       |       |       |     2 |     2 |       ||     4
         Bind Soul         |       |       |       |     1 |     2 |       ||     3
         Fathomless Shackl |       |       |       |       |     1 |     2 ||     3
Ability: Begin Untransform |       |       |       |     1 |       |       ||     1
  Evoke: Sack of spiders   |     1 |     1 |     1 |     4 |     4 |       ||    11
         Wand              |       |     4 |     8 |    22 |     3 |     4 ||    41
    Use: Scroll            |     1 |       |     3 |    13 |    11 |     7 ||    35
         Potion            |     1 |       |     2 |     2 |     2 |     7 ||    14
   Stab: Paralysed         |       |    10 |    15 |    30 |     1 |       ||    56
         Distracted        |       |       |     1 |     5 |     9 |     8 ||    23
         Sleeping          |       |       |       |     2 |     9 |     3 ||    14
         Invisible         |       |       |       |     1 |       |       ||     1
         Confused          |       |       |       |       |     1 |       ||     1
 Armour: Leather armour    |    62 |    38 |   171 |    30 |       |       ||   301
         Ring mail         |       |       |       |   251 |       |       ||   251
         Skin              |       |       |       |    30 |   500 |   685 ||  1215
  Dodge: Dodged            |    38 |    51 |   141 |   259 |   772 |   845 ||  2106
  Block: Buckler           |       |       |       |       |   129 |   270 ||   399
   Form: Beast             |       |       |     1 |       |       |       ||     1
         Serpent           |       |       |       |     2 |       |       ||     2
         Blade             |       |       |       |     1 |       |       ||     1
         Statue            |       |       |       |       |     1 |       ||     1

Table legend: (Time is in decaauts)
 A = Elapsed time spent in this place.
 B = Non-inter-level travel time spent in this place.
 C = Inter-level travel time spent in this place.
 D = Time resting spent in this place.
 E = Time spent auto-exploring this place.
 F = Levels seen in this place.
 G = Mean time per level.
                   A        B        C        D        E       F      G
               +--------+--------+--------+--------+--------+-----+--------+
         Total |  30709 |  28633 |   2076 |    361 |  22021 |  34 |  903.2 |
       Dungeon |  13441 |  12498 |    943 |    136 |   9608 |  15 |  896.1 |
        Temple |      8 |      5 |      3 |      0 |      0 |   1 |    8.0 |
          Lair |   5467 |   4999 |    468 |     64 |   3898 |   5 | 1093.4 |
         Swamp |   4164 |   3870 |    294 |      0 |   3155 |   4 | 1041.0 |
     Snake Pit |   5216 |   4971 |    245 |     57 |   3879 |   4 | 1304.0 |
  Orcish Mines |   1665 |   1564 |    101 |      0 |   1201 |   2 |  832.5 |
   Elven Halls |    151 |    150 |      1 |      0 |     67 |   1 |  151.0 |
        Vaults |     49 |     32 |     17 |      0 |     30 |   1 |   49.0 |
      Ice Cave |    545 |    545 |      0 |    104 |    182 |   1 |  545.0 |
               +--------+--------+--------+--------+--------+-----+--------+

Top non-repeatable levels by time:
 Snake:4: 1860 daAuts
  Lair:5: 1789 daAuts
    D:14: 1627 daAuts
 Snake:2: 1336 daAuts
 Snake:3: 1281 daAuts
 Swamp:4: 1212 daAuts
 Swamp:1: 1079 daAuts
 Swamp:3: 1049 daAuts
    D:11: 1049 daAuts
    D:10: 1044 daAuts
  Lair:2: 1040 daAuts
   Orc:2: 1033 daAuts
  Lair:4: 1031 daAuts
     D:2: 1030 daAuts
    D:13: 1013 daAuts
